 Dungeon Sprint DCSS version 0.17-a0-2101-g0c122e7 (webtiles) character file.

730 tp1 the Eclecticist (level 7, -27/36 HPs)
             Began as a Deep Elf Conjurer on Oct 18, 2015.
             Engulfed by a cloud of flame (35 damage)
             ... in the Dungeon (Sprint II: "The Violet Keep of Menkaure").
             The game lasted 00:08:28 (542 turns).

tp1 the Eclecticist (Deep Elf Conjurer)              Turns: 542, Time: 00:08:28

Health: -27/36     AC:  2    Str:  5      XL:     7   Next: 44%
Magic:  22/28      EV: 13    Int: 19 (22) God:
Gold:   729        SH:  0    Dex: 15      Spells: 4 memorised, 26 levels left

rFire  . . .     SeeInvis .     (no weapon)
rCold  . . .     Clarity  .     a - +0 robe
rNeg   . . .     SustAt   .     (no shield)
rPois  .         Gourm    .     (no helmet)
rElec  .         Spirit   .     (no cloak)
rCorr  .         Warding  .     (no gloves)
rMut   .         NoTele   +     (no boots)
MR     .....                    (no amulet)
Stlth  +.........               (no ring)
                                (no ring)

@: not resistant to hostile enchantments, very unstealthy
A: no striking features
a: no special abilities


You were in the Dungeon.
You were not hungry.

You visited 1 branch You collected 729 gold pieces.

Inventory:

Armour
 a - a +0 robe (worn)
Scrolls
 e - a scroll of remove curse {unknown}
 i - a scroll of blinking
Potions
 d - a potion of curing
 f - a potion of haste
 g - 2 potions of magic
Books
 b - a book of Conjurations

   Spells                             Type                      Level
   a - Magic Dart                     Conjuration                  1
   b - Searing Ray                    Conjuration                  2
   c - Dazzling Spray                 Conjuration/Hexes            3
   d - Fulminant Prism                Conjuration/Hexes            4
   e - Iskenderun's Mystic Blast      Conjuration                  4
   f - Iskenderun's Battlesphere      Conjuration/Charms           5
Comestibles
 c - a bread ration
 h - 4 chunks of flesh


   Skills:
 - Level 2.4 Dodging
 - Level 2.4 Stealth
 + Level 16.4 Spellcasting
 - Level 4.3 Conjurations
 - Level 12.9 Charms


You had 26 spell levels left.
You knew the following spells:

 Your Spells              Type           Power        Failure   Level  Hunger
a - Magic Dart            Conj           ####         1%          1    None
b - Iskenderun's Battles  Conj/Chrm      #####...     3%          5    ###....
c - Searing Ray           Conj           ####..       1%          2    None
d - Iskenderun's Mystic   Conj           ####....     8%          4    None


Dungeon Overview and Level Annotations

Branches:
Dungeon (1/1)

Altars:

Shops:
D :=?%[}!*!([:[([=

Annotations:
D exclusion: oklob plant


Message History

Aim: a lava snake (lava, catching its breath)
The magic dart hits the lava snake.
The lava snake is moderately wounded.
You are engulfed in a cloud of scalding steam.
* * * LOW HITPOINT WARNING * * *
Your battlesphere fires!
The barrage of energy hits the lava snake.
The lava snake is almost dead.
Your battlesphere is engulfed in roaring flames.
The lava snake spits lava at you. The glob of lava misses you.
You are engulfed in a cloud of scalding steam.
* * * LOW HITPOINT WARNING * * *
The lava snake spits lava at you. The glob of lava misses you.
The lava snake spits lava at you. The glob of lava misses you.
You are engulfed in roaring flames.
Ouch! That really hurt!
You die...

..∩.∩...#≈#.).##.##...#..#
...∩.∩..'≈'.#.'.<.'.##'..#
....∩.∩.#≈#...##.####.#....#
▓▓▓▓▓▓###≈##.###'###.##...§..≈≈
[YJ######≈≈####...### ≈≈..§..≈#
$$Y#D ##≈%≈#..##.# ≈≈§§§..≈#
∩P(+% #'#§#### ## ≈≈≈≈≈≈≈.≈#
=..#?# #.#≈§##+##≈≈≈≈§≈§≈≈≈≈#
$$. ## ####*§§@§§≈≈≈≈§§≈≈≈≈≈#
#+# #§§§#+++#≈§≈ #SSSS§§≈
#≈§§§§§§≈≈# +§§§§§§§§§§≈+
##§≈≈§§§§§§## ##§§§≈§§§##
####+####


You could see 4 lava snakes.

Vanquished Creatures
  A siren (D)
  A vampire mosquito (D)
  4 brain worms (D)
  3 worms (D)
9 creatures vanquished.

Vanquished Creatures (others)
  Menkaure (D)
1 creature vanquished.

Grand Total: 10 creatures vanquished

Notes
Turn   | Place    | Note
--------------------------------------------------------------
     0 | D        | tp1 the Deep Elf Conjurer began the quest for the Orb.
     0 | D        | Reached XP level 1. HP: 10/10 MP: 6/6
     1 | D        | Noticed a brain worm
     1 | D        | Noticed a brain worm
     1 | D        | Noticed a brain worm
     1 | D        | Noticed a brain worm
     7 | D        | Killed a brain worm
     7 | D        | Reached skill level 10 in Spellcasting
     7 | D        | Reached XP level 2. HP: 15/15 MP: 6/15
     7 | D        | Reached XP level 3. HP: 19/19 MP: 6/16
    16 | D        | Killed a brain worm
    16 | D        | Reached skill level 12 in Spellcasting
    16 | D        | Reached XP level 4. HP: 24/24 MP: 6/20
    24 | D        | Killed a brain worm
    24 | D        | Reached skill level 14 in Spellcasting
    24 | D        | Reached XP level 5. HP: 10/28 MP: 4/23
    43 | D        | Killed a brain worm
    43 | D        | Reached skill level 15 in Spellcasting
    43 | D        | Reached XP level 6. HP: 14/32 MP: 0/26
    50 | D        | Learned a level 5 spell: Iskenderun's Battlesphere
    53 | D        | Learned a level 2 spell: Searing Ray
    58 | D        | Learned a level 4 spell: Iskenderun's Mystic Blast
   235 | D        | Reached skill level 1 in Charms
   366 | D        | Noticed Menkaure
   425 | D        | Noticed a siren
   431 | D        | Killed a siren
   431 | D        | Reached XP level 7. HP: 36/36 MP: 18/28
   441 | D        | Found Dashuybis's Armour Emporium.
   441 | D        | Found Kut Fyg's Weapon Shoppe.
   441 | D        | Found Quavy's Distillery.
   441 | D        | Found Uhisan's General Store.
   441 | D        | Found Wapryej's Book Shoppe.
   441 | D        | Found Wanol's Distillery.
   442 | D        | Found Xuor's Antique Armour Shoppe.
   442 | D        | Found Gity's Food Emporium.
   442 | D        | Found Etuops's Antique Weapon Shoppe.
   442 | D        | Found Dyshaw's Jewellery Shoppe.
   442 | D        | Found Itrat's Armour Emporium.
   443 | D        | Found Ziesir's Magic Scroll Shoppe.
   443 | D        | Found Norum's Jewellery Emporium.
   443 | D        | Noticed a slime creature
   444 | D        | Found Woirgh's Antique Armour Shoppe.
   444 | D        | Found Lapeewn's Gadget Emporium.
   444 | D        | Noticed a slime creature
   445 | D        | Noticed a slime creature
   445 | D        | Noticed an oklob plant
   446 | D        | Found Kuipehink's Book Shoppe.
   449 | D        | Noticed a yak
   450 | D        | Noticed a yak
   450 | D        | Noticed a yak
   454 | D        | Noticed an ice dragon
   479 | D        | Killed Menkaure
   491 | D        | Noticed a vampire mosquito
   494 | D        | Killed a vampire mosquito
   494 | D        | Reached skill level 16 in Spellcasting
   533 | D        | Noticed a lava snake
   536 | D        | Noticed a lava snake
   538 | D        | Noticed a lava snake
   538 | D        | Noticed a lava snake
   542 | D        | Engulfed by a cloud of flame

Vault maps used:
D:        the_violet_keep_of_menkaure

Action                   |  1- 3 |  4- 6 |  7- 9 || total
-------------------------+-------+-------+-------++-------
Melee: Unarmed           |    14 |    13 |       ||    27
 Cast: Magic Dart        |       |    19 |     3 ||    22
       Searing Ray       |       |    11 |       ||    11
       Iskenderun's Myst |       |     2 |       ||     2
       Iskenderun's Batt |       |     1 |     2 ||     3
  Use: Potion            |     1 |     1 |       ||     2
